 Seeded DCSS version 0.26.1-16-g4e020e15dc (webtiles) character file.

Game seed: 20230228 (custom seed)

86 Fluidstar381 the Ruffian (level 4, -3/44 HPs)
             Began as a Troll Berserker on Feb 28, 2023.
             Was a Believer of Trog.
             Slain by an orc wizard
             ... wielding a +0 dagger
              (6 damage)
             ... on level 5 of the Dungeon.
             The game lasted 00:07:09 (1367 turns).

Fluidstar381 the Ruffian (Troll Berserker)          Turns: 1367, Time: 00:07:09

Health: -3/44      AC:  6    Str: 26      XL:     4   Next: 27%
Magic:  3/3        EV: 10    Int:  3      God:    Trog [**....]
Gold:   87         SH:  0    Dex:  6 (9)  Spells: 3/3 levels left

rFire    . . .     SeeInvis .   l - +0 war axe
rCold    . . .     Faith    .   (no shield)
rNeg     . . .     Spirit   .   a - +0 animal skin
rPois    .         Reflect  .   (helmet restricted)
rElec    .         Harm     .   (no cloak)
rCorr    .         Rampage  .   (gloves unavailable)
Will     .....                  (boots unavailable)
Stlth    +.........             (no amulet)
HPRegen  0.54/turn              (no ring)
MPRegen  0.08/turn              (no ring)

@: no status effects
A: large, unfitting armour, claws 3, regeneration 1, shaggy fur 1, tough skin 3
a: Renounce Religion, Berserk, Trog's Hand


You were on level 5 of the Dungeon.
You worshipped Trog.
Trog was pleased with you.
You visited 1 branch of the dungeon, and saw 5 of its levels.

You collected 87 gold pieces.

Inventory:

Hand Weapons
 c - a cursed -1 whip
 d - a +0 dagger
 i - a +0 hand axe
 k - a +0 whip
 l - a +0 war axe (weapon)
 o - a +0 falchion
 q - the +5 dagger "Pestroc" {flame, SInv Stlth+, unknown}
   (You found it on level 4 of the Dungeon)

   It has been specially enchanted to burn those struck by it, causing extra
   injury to most foes and up to half again as much damage against particularly
   susceptible opponents.
   It lets you see invisible.
   It makes you more stealthy.
Missiles
 b - 20 stones
 p - 3 poisoned darts
Armour
 a - a +0 animal skin (worn)
 r - the +4 skin of Zhor {Englaciate rC+++ SInv}
   (You found it on level 4 of the Dungeon)

   It renders you almost immune to cold.
   It lets you see invisible.
Scrolls
 g - a scroll of immolation {unknown}
 h - a scroll of remove curse {unknown}
 j - 2 scrolls of magic mapping {unknown}
 m - 2 scrolls of amnesia {unknown}
 s - a scroll of enchant armour {unknown}
Potions
 e - a potion of heal wounds {unknown}
 f - a potion of curing
 n - a potion of might {unknown}


   Skills:
 + Level 2.9 Fighting
 + Level 0.1 Axes
 + Level 3.0 Dodging
 + Level 0.1 Stealth
 + Level 4.0 Unarmed Combat


You had 3 spell levels left.
You didn't know any spells.
Your spell library was empty.

Dungeon Overview and Level Annotations

Branches:
Dungeon (5/15)
 Temple: D:4-7

Altars:
Trog


Innate Abilities, Weirdness & Mutations

You are too large for most types of armour.
You have claws for hands.
Your natural rate of healing is unusually fast.
You are covered in fur. (AC +1)
You have extremely tough skin. (AC +3)


Message History

Something tries to affect you, but you resist.
The quasit bites you but does no damage.
The quasit claws you but does no damage.
The quasit barely misses you. The orc barely misses you.
The ufetubus barely misses you. x2; Something hits you but does no damage.
You closely miss the quasit.
The quasit is heavily wounded.
You hit something but do no damage. You hit the orc.
You kill the orc!
Trog accepts your kill.
You closely miss the ufetubus.
The quasit bites you but does no damage.
The quasit claws you but does no damage.
The quasit barely misses you. The ufetubus hits you.
* * * LOW HITPOINT WARNING * * *
The ufetubus barely misses you.
The phantom blinks!
The quasit bites you but does no damage.
The quasit claws you but does no damage.
The quasit closely misses you. Something hits you.
You die...

# #...........W...§...... #.
#......#'########.###..
###..#............# #.###..
..................####.o..o.
.......<..................W.
######.#..........#####.....
#.#..........# ####..
#.#..W{.§....# #..
###.#..5@###..... #..
.......)5# ..... #..
###.#.#..# .. #.. #.#.#..#
#.. # #...>. #.. #.#..## #..
.#..# #.# . #.## #.# ... #.#


You could see a phantom, a quasit and an ufetubus.

Vanquished Creatures
  A hound (D:4)
  An ooze (D:1)
  3 dart slugs
  2 leopard geckos
  5 orcs
  A giant cockroach (D:2)
  5 hobgoblins
  6 jackals
  A ball python (D:3)
  3 bats
  4 frilled lizards
  A goblin (D:1)
  6 kobolds
  6 rats
45 creatures vanquished.

Vanquished Creatures (others)
  A rat (D:3)
1 creature vanquished.

Grand Total: 46 creatures vanquished

Notes
Turn   | Place    | Note
-------+----------+-------------------------------------------
     0 | D:1      | Fluidstar381 the Troll Berserker began the quest for the
                  | Orb.
     0 | D:1      | Reached XP level 1. HP: 22/22 MP: 0/0
   226 | D:1      | Reached XP level 2. HP: 29/29 MP: 1/1
   712 | D:3      | Reached ** piety under Trog
   714 | D:3      | Reached XP level 3. HP: 33/36 MP: 2/2
  1089 | D:4      | Reached XP level 4. HP: 40/44 MP: 3/3
  1110 | D:4      | Found a bloodstained altar of Trog.
  1111 | D:4      | Found the +4 skin of Zhor {Englaciate rC+++ SInv}
  1119 | D:4      | Got a brightly glowing dagger
  1128 | D:5      | Entered Level 5 of the Dungeon
  1235 | D:5      | Reached skill level 4 in Unarmed Combat
  1312 | D:5      | Noticed a phantom
  1367 | D:5      | Slain by an orc wizard

Illustrated notes

Levels and vault maps discovered:
D:1:      saegor_arrival_simple_d, layout_basic, minmay_misc_feat_tower
D:2:      layout_basic, chequers_ecumenical_altar_simple_redux
D:3:      cheibrodos_helix_gallery, layout_basic
D:4:      layout_loops_ring, bloody_trog, minmay_manual_mandibuliform
D:5:      layout_basic, chequers_serial_rivers_small_3, uniq_grinder,
          uniq_sigmund

Skill      XL: |  1  2  3  4 |
---------------+-------------+-----
Dodging        | 3 |  3.0
Unarmed Combat | 4 |  4.0
Fighting       | |  2.9
Axes           | |  0.1
Stealth        | |  0.1

Action                   |  1- 3 |  4- 6 || total
-------------------------+-------+-------++-------
Melee: Unarmed           |    91 |       ||    91
       War axe           |     4 |    24 ||    28
  Use: Potion            |       |     1 ||     1
Armor: Animal skin       |    58 |    51 ||   109
Dodge: Dodged            |    73 |    74 ||   147
